AoeStats
← 投矛手愛好者

Arena

507721318Analyzed
4v4 RM · 12d ago on Sep 19, 2026· 38m 44s· 8 players
Game mode
Random Map
Map size
Large (8 player)
Population
200
Speed
Normal
Resources
Standard
Victory
Conquest
Starting age
Dark Age
Ending age
Imperial Age
RankedLock teamsTeams togetherTeam positionsShared explorationLock speedFull tech treeHidden civsTurbo modeCheats
Victory
Defeat
🇨🇳 Celts · China
1459
+11
🇧🇪 Inca · Belgium
1455
+12
🇺🇸 Turks · United States
1434
+12
🇨🇭 Sicilians · Switzerland
1429
+13
🇹🇼 Bohemians · Taiwan
1412
-14
🇭🇰 Spanish · Hong Kong SAR China
1378
-13
🇹🇼 Khmer · Taiwan
1340
-11
🇹🇼 Cumans · Taiwan
1298
-10
Zlap
11:30 Feudal Age
15:18 Castle Age
13:01 Horse Collar
13:34 Double-Bit Axe
16:58 Bow Saw
18:15 Loom
20:14 Town Watch
22:26 Fletching
23:33 Wheelbarrow
24:13 Bodkin Arrow
29:28 Murder Holes
31:09 Masonry
31:20 Ballistics
32:15 Hand Cart
32:04 Heavy Plow
31:25 Pikeman
32:06 Squires
33:18 Scale Mail Armor
33:28 Forging
35:26 Chain Mail Armor
35:47 Iron Casting
40:44 Imperial Age
Morningstar
8:40 Loom
11:27 Feudal Age
15:52 Castle Age
14:10 Double-Bit Axe
14:12 Horse Collar
14:26 Gold Mining
14:38 Stone Mining
16:46 Bow Saw
17:19 Gold Shaft Mining
16:52 Heavy Plow
17:29 Town Watch
23:23 Wheelbarrow
25:13 Hand Cart
25:04 Padded Archer Armor
26:39 Leather Archer Armor
36:19 Imperial Age
34:58 Fortified Wall
35:13 Ballistics
34:47 Fletching
36:15 Masonry
36:56 Murder Holes
37:52 Ring Archer Armor
Hympériius
11:34 Feudal Age
12:32 Double-Bit Axe
15:19 Castle Age
13:32 Horse Collar
13:58 Loom
15:46 Town Watch
16:25 Bow Saw
18:34 Sanctity
23:47 Wheelbarrow
26:53 Hand Cart
31:16 Squires
31:01 Arson
33:50 Imperial Age
32:12 Gold Mining
32:24 Heavy Plow
32:24 Stone Mining
32:59 Scale Mail Armor
33:10 Forging
33:37 Gold Shaft Mining
34:57 Chain Mail Armor
35:18 Iron Casting
35:14 Conscription
36:05 Coinage
35:12 Capped Ram
36:46 Plate Mail Armor
37:56 Blast Furnace
37:20 Elite Kamayuk
39:00 Banking
Boar
10:47 Feudal Age
11:25 Double-Bit Axe
14:32 Castle Age
12:46 Horse Collar
16:26 Bow Saw
17:32 Heavy Plow
19:49 Loom
22:02 Wheelbarrow
24:06 Gold Mining
25:40 Hand Cart
25:53 Fortified Wall
25:57 Treadmill Crane
26:28 Scale Mail Armor
25:52 Pikeman
27:40 Gold Shaft Mining
27:27 Forging
30:17 Imperial Age
29:24 Iron Casting
29:04 Chain Mail Armor
28:46 Arson
30:27 Town Watch
30:24 Halberdier
31:16 Siege Engineers
31:23 Furor Celtica
31:33 Conscription
31:46 Plate Mail Armor
30:42 Capped Ram
31:25 Arson
31:48 Siege Ram
34:13 Heavy Scorpion
35:07 Masonry
35:59 Chemistry
36:31 Blast Furnace
Adams1491
10:55 Feudal Age
12:41 Wheelbarrow
15:10 Castle Age
13:38 Horse Collar
14:03 Double-Bit Axe
18:59 Fervor
19:24 Bow Saw
25:08 Imperial Age
26:02 Chemistry
32:38 Loom
cccccccccc
6:16 Loom
10:27 Feudal Age
14:30 Castle Age
12:34 Horse Collar
12:40 Double-Bit Axe
15:29 Heavy Plow
18:40 Bow Saw
21:06 Wheelbarrow
24:13 Hand Cart
25:14 Gold Mining
29:16 Imperial Age
27:50 Bloodlines
27:41 Husbandry
27:51 Scale Barding Armor
27:56 Forging
28:02 Forging
29:27 Iron Casting
30:34 Chain Barding Armor
31:15 Blast Furnace
30:21 Elite Battle Elephant
32:47 Gold Shaft Mining
32:03 Stone Mining
33:22 Tusk Swords
33:43 Conscription
33:26 Double Crossbow
34:50 Plate Barding Armor
35:41 Devotion
37:56 Heavy Scorpion
38:34 Fletching
小浮兒
9:28 Feudal Age
9:59 Double-Bit Axe
10:38 Horse Collar
11:56 Loom
18:12 Wheelbarrow
18:44 Loom
21:31 Castle Age
20:04 Scale Barding Armor
20:09 Forging
20:23 Forging
21:16 Bloodlines
21:44 Light Cavalry
23:12 Chain Barding Armor
26:01 Iron Casting
25:41 Heavy Plow
27:46 Capped Ram
投矛手愛好者
9:41 Feudal Age
8:44 Loom
13:13 Castle Age
11:59 Stone Mining
12:02 Double-Bit Axe
20:25 Gold Mining
33:58 Horse Collar
34:58 Wheelbarrow
38:19 Imperial Age
35:40 Loom
36:17 Forging
37:46 Heavy Plow
40:18 Imperial Age
40:29 Imperial Age
38:19 Hand Cart
Connection lost

Rejoining the realm…

Still unreachable

The connection could not be restored.

Session expired

The server has moved on; the page needs a fresh start.